 Dungeon Crawl Stone Soup version 0.30-b1-2-g02819fbbbe (webtiles) character file.

Game seed: 9343019957878529432

12 Alarkh the Charlatan (level 2, 14/22 HPs)
             Began as a Demonspawn Artificer on Nov 24, 2023.
             Got out of the dungeon alive.
             The game lasted 00:00:28 (255 turns).

Alarkh the Charlatan (Demonspawn Artificer)          Turns: 255, Time: 00:00:30

Health: 14/22      AC:  3    Str: 12    XL:     2   Next: 20%
Magic:  2/2        EV: 11    Int: 12    God:
Gold:   20         SH:  0    Dex: 13    Spells: 1/1 levels left

rFire   . . .        a - +0 club
rCold   . . .        (no shield)
rNeg    . . .        b - +0 leather armour
rPois   .            (helmet restricted)
rElec   .            (no cloak)
rCorr   .            (no gloves)
SInv    .            (no boots)
Will    .....        (no amulet)
Stlth   +            (no ring)
HPRegen 0.23/turn    (no ring)
MPRegen 0.08/turn

%: no passive effects
@: no status effects
A: horns 1
a: no special abilities


You escaped.
You visited 1 branch of the dungeon, and saw 1 of its levels.

You collected 20 gold pieces.

Inventory:

Hand Weapons
 a - a +0 club (weapon)
Armour
 b - a +0 leather armour (worn)
Wands
 c - a wand of flame (9) (quivered)
 d - a wand of charming (15)
 e - a wand of iceblast (5)


   Skills:
 + Level 2.3 Fighting
 - Level 1.7 Armour
 - Level 0.8 Dodging
 - Level 0.8 Stealth
 - Level 3.0 Evocations


You had one spell level left.
You didn't know any spells.
Your spell library was empty.

Dungeon Overview and Level Annotations

Branches:
Dungeon (1/15)

Altars:


Innate Abilities, Weirdness & Mutations

You have a pair of small horns on your head.


Message History

Press: ? - help, Shift-Dir - straight line, f/p - bat
Aim: a bat (57% to hit)
The puff of flame misses the bat.
The puff of flame misses the quokka.
The puff of flame hits the kobold.
You kill the kobold!
The bat hits you.
* * * LOW HITPOINT WARNING * * *
The bat hits you but does no damage. x2
You have reached level 2!
You feel monstrous as your demonic heritage exerts itself.
Your demonic ancestry asserts itself...
A pair of horns grows on your head!
Aiming: Throw Flame
Press: ? - help, Shift-Dir - straight line, f/p - bat
Aim: a bat (57% to hit)
The puff of flame misses the bat.
The puff of flame hits the quokka.
The quokka is almost dead.
The bat closely misses you.
Aiming: Throw Flame
Press: ? - help, Shift-Dir - straight line, f/p - bat
Aim: a bat (57% to hit)
The puff of flame hits the bat.
You kill the bat!
Aiming: Throw Flame
Press: ? - help, Shift-Dir - straight line, f - quokka
Aim: a quokka (almost dead, 60% to hit)
The puff of flame hits the quokka.
You kill the quokka!
Aiming: Throw Flame
Press: ? - help, Shift-Dir - straight line, f - giant cockroach
Aim: a giant cockroach (71% to hit)
The puff of flame hits the giant cockroach.
You kill the giant cockroach!
Things that are here:
a giant cockroach corpse; a quokka corpse; a ball python corpse
Things that are here:
a +0 club; a ball python corpse; a goblin corpse
There is a staircase leading out of the dungeon here.
Are you sure you want to leave the Dungeon?
This will make you lose the game!
You have escaped!

........##.####.########
#####.#.........# #.. .#
#.####.....## #.# .# #.#
##.##.###### #.# .# #.#
#.#.......## #.# .# #.#
#...#####..## #.# ## #.#
##..#.....#..# #.# # #.#
##..#.......#... #.# # #.#
#..#....@....# ######.#
#####.####..#.......#..#.........
.............#.....#..# ###.#####
...#######.#..#####..## ##.# #>..
#........... ##.# #.##
#..#.##...## #.#..# ...# #.#
##.#.# # #.#.#..# #### #.# #.#.#
#.#.#..# # #.# #.#.# #.#.#..#


There were no monsters in sight!

Vanquished Creatures
  A giant cockroach (D:1)
  A goblin (D:1)
  3 kobolds (D:1)
  A quokka (D:1)
  2 ball pythons (D:1)
  2 bats (D:1)
  A rat (D:1)
11 creatures vanquished.

Notes
Turn   | Place    | Note
-------+----------+-------------------------------------------
     0 | D:1      | Alarkh the Demonspawn Artificer began the quest for the
                  | Orb.
     0 | D:1      | Reached XP level 1. HP: 15/15 MP: 1/1
   201 | D:1      | Discovered your monstrous ancestry.
   201 | D:1      | Gained mutation: You have a pair of small horns on your
                  | head. [demonic ancestry]
   201 | D:1      | Reached XP level 2. HP: 2/22 MP: 2/2
   255 | D:$      | Got out of the dungeon alive.

Illustrated notes

Levels and vault maps discovered:
D:1:      scummos_arrival_hexagon, layout_loops_ring, minmay_tetromino_l2

Skill      XL: |  1 |
---------------+----+-----
Fighting       | 2 |  2.3
Armour         | |  1.7
Dodging        | |  0.8
Stealth        | |  0.8
Evocations     | |  3.0

Action                     || total
---------------------------++-------
  Melee: Club              ||    37
  Evoke: Wand              ||     6
 Armour: Leather armour    ||    25
  Dodge: Dodged            ||    49
